 Dungeon Crawl Stone Soup version 0.30-a0-778-g2ef04afb54 (webtiles) character file.

Game seed: 10228617428774010358

19498 mopl the Cleaver (level 12, 0/94 HPs)
             Began as a Demonspawn Fighter on Feb 15, 2023.
             Was a High Priest of Okawaru.
             Slain by a skyshark (17 damage)
             ... on level 2 of the Lair of Beasts.
             The game lasted 00:16:39 (9960 turns).

mopl the Cleaver (Demonspawn Fighter)               Turns: 9960, Time: 00:16:39

Health: 0/94       AC: 25    Str: 17    XL:     12   Next: 37%
Magic:  15/17      EV:  9    Int:  9    God:    Okawaru [*****.]
Gold:   609        SH:  6    Dex: 13    Spells: 11/11 levels left

rFire   + . .      SeeInvis .    a - +7 hand axe of Exquisite Death {speed, rF+ rCorr Str-5 Stlth+}
rCold   . . .      Faith    .    c - +0 buckler
rNeg    . . .      Spirit   .    J - +0 plate armour
rPois   +          Reflect  .    G - +0 helmet
rElec   .          Harm     .    I - +0 cloak
rCorr   +          Rampage  .    M - +0 pair of gloves
Will    .....                    Q - +1 pair of boots Stlth
                                 B - amulet of regeneration
HPRegen 1.15/turn                w - ring of resist corrosion
MPRegen 0.15/turn                X - ring of poison resistance

@: heroic
A: claws 2, icy blue scales 2, powered by death 2
a: Renounce Religion, Heroism, Finesse, Duel


You were on level 2 of the Lair of Beasts.
You worshipped Okawaru.
Okawaru was extremely pleased with you.
You visited 2 branches of the dungeon, and saw 13 of its levels.
You also visited: Ossuary.

You collected 922 gold pieces.
You spent 313 gold pieces at shops.

Inventory:

Hand Weapons
 a - the +7 hand axe of Exquisite Death (weapon) {speed, rF+ rCorr Str-5 Stlth+}
   (You found it on level 5 of the Dungeon)

   Str:       It affects your strength (-5).
   rF:        It protects you from fire.
   rCorr:     It protects you from acid and corrosion.
   Stlth:     It makes you more stealthy.
 V - a +0 scimitar of flaming
Missiles
 h - 3 javelins
 m - 2 boomerangs
 s - 4 curare-tipped darts
 x - 38 poisoned darts (quivered)
 T - 3 boomerangs of dispersal
Armour
 c - a +0 buckler (worn)
 G - a +0 helmet (worn)
 I - a +0 cloak (worn)
 J - a +0 plate armour (worn)
 M - a +0 pair of gloves (worn)
 Q - a +1 pair of boots (worn)
Jewellery
 w - a ring of resist corrosion (left hand)
 B - an amulet of regeneration (around neck)
 D - a ring of ice
 X - a ring of poison resistance (right hand)
Wands
 b - a wand of flame (82)
 k - a wand of charming (2)
 H - a wand of roots (20)
Scrolls
 j - 15 scrolls of teleportation
 l - 2 scrolls of fog
 n - 2 scrolls of fear {unknown}
 q - 2 scrolls of vulnerability {unknown}
 r - a scroll of acquirement {unknown}
 t - 2 scrolls of brand weapon {unknown}
 y - 4 scrolls of enchant weapon {unknown}
 A - 2 scrolls of torment {unknown}
 C - 2 scrolls of noise {unknown}
 E - 2 scrolls of magic mapping {unknown}
 L - 3 scrolls of poison {unknown}
 P - 4 scrolls of enchant armour {unknown}
 S - a scroll of immolation {unknown}
 U - 4 scrolls of blinking
 Z - a scroll of summoning {unknown}
Potions
 d - 2 potions of might
 e - 3 potions of ambrosia
 f - 2 potions of berserk rage {!q}
 g - 3 potions of cancellation
 i - 5 potions of heal wounds
 o - 10 potions of curing {unknown}
 p - 8 potions of degeneration {unknown}
 u - 8 potions of haste {unknown}
 v - a potion of magic
 z - a potion of flight
 F - 3 potions of lignification {!q}
 K - 5 potions of invisibility
 O - a potion of resistance


   Skills:
 + Level 8.3(13.3) Fighting
 * Level 10.3(15.3) Axes
 + Level 6.7(11.7) Throwing
 + Level 7.5(12.5) Armour
 + Level 6.9(11.9) Dodging
 - Level 2.6(7.6) Shields
 + Level 7.9 Invocations
 + Level 6.5 Evocations


You had 11 spell levels left.
You didn't know any spells.
Your spell library contained the following spells:

 Spells                   Type           Power      Damage    Failure   Level
 Beastly Appendage        Tmut           0%         N/A       100%        1
 Static Discharge         Conj/Air       0%         2-2/arc   100%        2
 Wereblood                Tmut           0%         N/A       100%        2
 Frozen Ramparts          Ice            0%         1d1       100%        3
 Spider Form              Tmut/Pois      0%         N/A       100%        3
 Stone Arrow              Conj/Erth      0%         3d7       100%        3
 Vhi's Electric Charge    Tloc/Air       0%         N/A       100%        3
 Ice Form                 Ice/Tmut       0%         N/A       100%        4
 Arcjolt                  Conj/Air       0%         1d10      100%        5
 Lightning Bolt           Conj/Air       0%         1d11      100%        5
 Eringya's Noxious Bog    Tmut/Pois      0%         N/A       100%        6
 Lehudib's Crystal Spear  Conj/Erth      0%         10d2      100%        8
 Animate Armour           Summ/Erth      Unusable   N/A       N/A         4
 Summon Ice Beast         Ice/Summ       Unusable   N/A       N/A         4
 Summon Forest            Summ/Tloc      Unusable   N/A       N/A         5
 Summon Hydra             Summ           Unusable   N/A       N/A         7

Dungeon Overview and Level Annotations

Branches:
Dungeon (11/15)            Temple (0/1) D:7            Lair (2/5) D:10
    Orc (0/2) D:10        Ossuary (visited)
  Swamp: Lair:2-3    Shoals: Lair:2-3     Snake: Lair:2-3    Spider: Lair:2-3

Altars:
Ashenzari
Nemelex Xobeh
Okawaru
Trog
Wu Jian
Yredelemnul

Shops:
D:7 [   D:10 *

Annotations:
D:11 2 transporters, NigelTetley's ghost, journeyman VSFi


Innate Abilities, Weirdness & Mutations

You have very sharp fingernails.
You are mostly covered in icy blue scales. (AC +3)
You regenerate health from kills.


Message History

You are too injured to fight recklessly!
You are too injured to fight recklessly!
You are too injured to fight recklessly!
You are too injured to fight recklessly!
You are too injured to fight recklessly!
You are too injured to fight recklessly!
You are too injured to fight recklessly!
You are too injured to fight recklessly!
You are too injured to fight recklessly!
You are too injured to fight recklessly!
You gain the combat prowess of a mighty hero.
The black mamba bites you but does no damage.
The skyshark bites you!!
* * * LOW HITPOINT WARNING * * *
The skyshark tail-slaps you but does no damage.
The black mamba bites you but does no damage.
The skyshark misses you.
The skyshark tail-slaps you but does no damage.
You slash the skyshark!
The skyshark is moderately wounded.
You hit the black mamba.
You kill the black mamba!
Okawaru accepts your kill. The skyshark bites you!
* * * LOW HITPOINT WARNING * * *
The skyshark tail-slaps you but does no damage.
Okay, then.
Press: ? - help, v - describe, . - travel
Here: a skyshark (moderately wounded, berserk)
The floor, spattered with blood.
You slash the skyshark!
The skyshark is heavily wounded.
You hit the skyshark but do no damage.
The skyshark is heavily wounded.
The skyshark closely misses you.
The skyshark tail-slaps you but does no damage.
You barely miss the skyshark.
The skyshark is heavily wounded.
The skyshark bites you!
You die...

.. #.P . #.# .. #.####
.#. ####....#### ....
##.#P.##'##.. .....
#............
......######............
.......@.##.............
......l..###............
..........##............
........................
........................
..........##..P.........
#P##########..P.###.....
## ###### #####


You could see a skyshark (berserk).

Vanquished Creatures
  Fannar (D:11)
  A hydra (Lair:2)
  A catoblepas (Lair:1)
  Erica (D:9)
  A two-headed ogre (D:9)
  A boulder beetle (D:11)
  Pikel (D:4)
  A harpy (D:8)
  A cyclops (D:11)
  An ugly thing (D:11)
  Maurice (D:10)
  2 black mambas
  4 molten gargoyles (D:9)
  A rime drake (D:10)
  Psyche (D:8)
  A komodo dragon (D:11)
  5 cane toads (Lair:1)
  3 trolls
  A polar bear (Lair:2)
  Prince Ribbit (D:5)
  Grinder (D:4)
  Sigmund (D:3)
  2 shadows (D:10)
  13 yaks
  Eustachio (D:6)
  A wyvern (D:11)
  A basilisk (Lair:1)
  7 water moccasins
  9 ice beasts
  2 black bears
  An orc warrior (D:8)
  A sky beast (D:8)
  5 centaurs
  3 wolves (D:10)
  2 lemures
  Blork the orc (D:4)
  A phantom (D:7)
  2 kobold brigands
  5 bullfrogs
  3 gnoll sergeants
  7 scorpions
  2 wights
  15 killer bees
  3 howler monkeys
  A jelly (D:5)
  4 hounds
  7 orc priests
  Jessica (D:2)
  4 iguanas
  Ijyb (D:3)
  8 orc wizards
  9 mummies
  Robin (D:4)
  10 adders
  13 gnolls
  A shadow imp (D:6)
  4 white imps
  3 ufetubi
  3 worms
  3 dart slugs
  16 orcs
  8 endoplasms
  3 giant cockroaches
  8 goblins
  2 hobgoblins (D:4)
  8 jackals
  14 kobolds
  3 quokkas
  3 ball pythons
  7 bats
  4 frilled lizards
  3 gnoll zombies (Ossuary)
  2 hobgoblin zombies (Ossuary)
  2 kobold zombies (Ossuary)
  An orc zombie (Ossuary)
  4 rats
280 creatures vanquished.

Vanquished Creatures (others)
  2 fungi
  A plant (Lair:1)
3 creatures vanquished.

Grand Total: 283 creatures vanquished

Notes
Turn   | Place    | Note
-------+----------+-------------------------------------------
     0 | D:1      | mopl the Demonspawn Fighter began the quest for the Orb.
     0 | D:1      | Reached XP level 1. HP: 18/18 MP: 1/1
    95 | D:1      | Reached skill level 2 in Axes
   240 | D:1      | Gained mutation: You have sharp fingernails. [demonic
                  | ancestry]
   240 | D:1      | Reached XP level 2. HP: 24/24 MP: 2/2
   740 | D:2      | Noticed Jessica
   748 | D:2      | Reached skill level 3 in Armour
   748 | D:2      | Reached XP level 3. HP: 29/29 MP: 3/3
   761 | D:2      | Killed Jessica
   762 | D:2      | Reached skill level 1 in Dodging
   788 | D:2      | Reached XP level 4. HP: 35/35 MP: 4/4
   836 | D:2      | Reached skill level 3 in Axes
   961 | D:2      | Found a faded altar of an unknown god.
  1058 | D:2      | You fall into a shaft and drop 1 floor!
  1073 | D:3      | Noticed Ijyb
  1086 | D:3      | Killed Ijyb
  1128 | D:3      | Found a broken altar of Ashenzari.
  1136 | D:3      | Reached XP level 5. HP: 42/42 MP: 5/5
  1272 | D:3      | Noticed Sigmund
  1291 | D:3      | Killed Sigmund
  1292 | D:3      | Reached skill level 4 in Fighting
  1292 | D:3      | Reached skill level 1 in Throwing
  1292 | D:3      | Reached skill level 2 in Dodging
  1292 | D:3      | Gained mutation: You regenerate a little health from kills.
                  | [demonic ancestry]
  1292 | D:3      | Reached XP level 6. HP: 44/48 MP: 6/6
  1562 | D:3      | Found a basalt altar of Yredelemnul.
  1764 | D:4      | Reached skill level 4 in Axes
  1787 | D:4      | Noticed Pikel
  1865 | D:4      | Killed Pikel
  1866 | D:4      | Reached skill level 5 in Axes
  1866 | D:4      | Reached skill level 2 in Throwing
  1866 | D:4      | Reached skill level 4 in Armour
  1866 | D:4      | Reached skill level 3 in Dodging
  1866 | D:4      | Reached XP level 7. HP: 55/55 MP: 7/7
  2143 | D:4      | Noticed Blork the orc
  2162 | D:4      | Killed Blork the orc
  2261 | D:4      | Gained mutation: You are partially covered in icy blue
                  | scales. (AC +2) [demonic ancestry]
  2261 | D:4      | Reached XP level 8. HP: 61/61 MP: 8/8
  2283 | D:4      | Noticed Robin
  2315 | D:4      | Killed Robin
  2316 | D:4      | Reached skill level 5 in Fighting
  2341 | D:4      | Noticed Grinder
  2346 | D:4      | Found an ornate altar of the Wu Jian Council.
  2356 | D:4      | Killed Grinder
  2357 | D:4      | Reached skill level 1 in Evocations
  2577 | D:5      | Entered Level 5 of the Dungeon
  2604 | D:5      | Found a sparkling altar of Nemelex Xobeh.
  2685 | D:5      | Reached skill level 3 in Throwing
  2773 | D:5      | Identified the +7 hand axe of Exquisite Death {speed, rF+
                  | rCorr Str-5 Stlth+}
  2869 | D:5      | Found a sand-covered staircase.
  2878 | Ossuary  | Entered an ossuary
  2933 | Ossuary  | Reached skill level 2 in Evocations
  2941 | Ossuary  | Reached skill level 6 in Axes
  3209 | D:5      | Found an iron altar of Okawaru.
  3317 | D:5      | Became a worshipper of Warmaster Okawaru
  3504 | D:5      | Noticed Prince Ribbit
  3509 | D:5      | Killed Prince Ribbit
  3510 | D:5      | Reached skill level 5 in Armour
  3510 | D:5      | Reached skill level 4 in Dodging
  3510 | D:5      | Reached skill level 1 in Invocations
  3510 | D:5      | Gained mutation: You regenerate health from kills. [demonic
                  | ancestry]
  3510 | D:5      | Reached XP level 9. HP: 68/68 MP: 8/10
  3679 | D:6      | Reached * piety under Okawaru
  3697 | D:6      | Noticed Eustachio
  3704 | D:6      | Reached skill level 2 in Invocations
  3768 | D:6      | Killed Eustachio
  3808 | D:6      | Reached skill level 3 in Evocations
  4283 | D:7      | Reached skill level 6 in Fighting
  4283 | D:7      | Reached skill level 4 in Throwing
  4308 | D:7      | Found a staircase to the Ecumenical Temple.
  4375 | D:7      | Found Mitacaer's Armour Shop.
  4389 | D:7      | Reached skill level 7 in Axes
  4580 | D:7      | Found a bloodstained altar of Trog.
  4804 | D:7      | Reached skill level 3 in Invocations
  4818 | D:7      | Reached ** piety under Okawaru
  5141 | D:8      | Reached XP level 10. HP: 77/77 MP: 12/12
  5203 | D:8      | Noticed Psyche
  5228 | D:8      | Killed Psyche
  5229 | D:8      | Reached skill level 5 in Dodging
  5229 | D:8      | Reached skill level 4 in Invocations
  5347 | D:8      | a hornet changed into a harpy
  5347 | D:8      | Noticed a harpy
  5364 | D:8      | Killed a harpy
  5365 | D:8      | Reached skill level 4 in Evocations
  5939 | D:9      | Reached skill level 8 in Axes
  5939 | D:9      | Reached skill level 6 in Armour
  5947 | D:9      | Reached *** piety under Okawaru
  5955 | D:9      | Reached skill level 5 in Throwing
  6032 | D:9      | Reached skill level 5 in Invocations
  6149 | D:9      | Noticed a molten gargoyle
  6175 | D:9      | Killed a molten gargoyle
  6191 | D:9      | Noticed a molten gargoyle
  6191 | D:9      | Noticed a molten gargoyle
  6210 | D:9      | Killed a molten gargoyle
  6211 | D:9      | Reached skill level 7 in Fighting
  6213 | D:9      | Killed a molten gargoyle
  6213 | D:9      | Reached **** piety under Okawaru
  6230 | D:9      | Noticed a molten gargoyle
  6253 | D:9      | Killed a molten gargoyle
  6254 | D:9      | Gained mutation: You are mostly covered in icy blue scales.
                  | (AC +3) [demonic ancestry]
  6254 | D:9      | Reached XP level 11. HP: 40/84 MP: 15/15
  6399 | D:9      | Reached skill level 5 in Evocations
  6507 | D:9      | Noticed a two-headed ogre
  6522 | D:9      | Killed a two-headed ogre
  6575 | D:9      | Noticed Erica
  6605 | D:9      | Killed Erica
  6606 | D:9      | Reached skill level 6 in Invocations
  6792 | D:10     | Entered Level 10 of the Dungeon
  6820 | D:10     | Reached skill level 6 in Dodging
  6825 | D:10     | Reached skill level 9 in Axes
  6843 | D:10     | Found a staircase to the Lair.
  6845 | D:10     | Noticed Maurice
  6880 | D:10     | Killed Maurice
  6951 | D:10     | Received a gift from Okawaru
  7037 | D:10     | Found Ryanesu's Island Escapes.
  7148 | D:10     | Found a staircase to the Orcish Mines.
  7964 | D:11     | Noticed a boulder beetle
  8003 | D:11     | Killed a boulder beetle
  8003 | D:11     | Reached ***** piety under Okawaru
  8004 | D:11     | Reached skill level 6 in Throwing
  8011 | D:11     | Noticed a green ugly thing
  8038 | D:11     | Killed a green ugly thing
  8039 | D:11     | Reached skill level 7 in Armour
  8326 | D:11     | Noticed NigelTetley's ghost (journeyman VSFi)
  8327 | D:11     | Found a transporter.
  8334 | D:11     | Found a transporter.
  8397 | D:11     | Reached skill level 7 in Invocations
  8544 | D:11     | Noticed Fannar
  8551 | D:11     | Reached skill level 6 in Evocations
  8566 | D:11     | Killed Fannar
  8566 | D:11     | Received a gift from Okawaru
  8969 | Lair:1   | Entered Level 1 of the Lair of Beasts
  9052 | Lair:1   | Noticed a catoblepas
  9081 | Lair:1   | Killed a catoblepas
  9082 | Lair:1   | Reached skill level 8 in Fighting
  9082 | Lair:1   | Gained mutation: You have very sharp fingernails. [demonic
                  | ancestry]
  9082 | Lair:1   | Reached XP level 12. HP: 84/92 MP: 15/17
  9195 | Lair:1   | Reached skill level 10 in Axes
  9297 | D:10     | Bought a potion of invisibility for 88 gold pieces
  9297 | D:10     | Bought a scroll of teleportation for 33 gold pieces
  9297 | D:10     | Bought a scroll of fog for 44 gold pieces
  9297 | D:10     | Bought a scroll of blinking for 82 gold pieces
  9297 | D:10     | Bought a scroll of teleportation for 33 gold pieces
  9297 | D:10     | Bought a scroll of teleportation for 33 gold pieces
  9852 | Lair:2   | Noticed a six-headed hydra
  9869 | Lair:2   | Killed a one-headed hydra
  9960 | Lair:2   | Slain by a skyshark

Illustrated notes

Levels and vault maps discovered:
D:1:      tarquinn_simple_flora_water_c, layout_loops_ring
D:2:      layout_rooms, shapermc_ecumenical_altar_acropolis,
          minmay_stone_trees_small, minmay_heptomino_d4, uniq_jessica
D:3:      layout_basic, yredelemnul_altar_generic,
          mainiacjoe_overflow_small_starburst, lemuel_crystal_altar,
          minmay_liquid_box, uniq_sigmund, uniq_ijyb
D:4:      layout_loops_ring, mainiacjoe_overflow_catwalk, corexii_checkpoint_a,
          uniq_robin, uniq_grinder, uniq_pikel, uniq_blork_the_orc
D:5:      layout_gridville, lemuel_tele_altar, lemuel_doored_altar,
          gup_ossuary_entry_pyramid, uniq_prince_ribbit1
D:6:      layout_gridville, st_stairs_10, grunt_decor_mini_mirrors,
          uniq_eustachio
D:7:      minmay_inner_zag, layout_basic, trog_book, temple_pool_b,
          serial_shops, nicolae_stop_n_shop_2
D:8:      layout_basic, uniq_psyche
D:9:      layout_loops_corners, minivault_8, uniq_erica
D:10:     layout_loops_corners, hellmonk_lair_entry_icy, orc_0_dummy,
          st_stairs_4, nicolae_island_escapes, uniq_maurice
D:11:     layout_basic, serial_rivers, chequers_serial_rivers_micro_d,
          chequers_serial_rivers_small_b, chequers_serial_rivers_micro_e,
          chequers_serial_rivers_large_a, gammafunk_ghost_arena, uniq_fannar
Lair:1:   layout_misc_corridors, chequers_serial_rivers_small_3,
          grunt_megastairs_3
Lair:2:   layout_roguey, nicolae_swamp_entry_spooky, grunt_megastairs_1,
          lemuel_fruit_fields

Skill      XL: |  1  2  3  4  5  6  7  8  9 10 11 12 |
---------------+-------------------------------------+-----
Axes           | 2 3 5 6 7 8 9 10 | 10.3
Armour         | 3 4 5 6 7 |  7.5
Dodging        | 1 2 3 4 5 6 |  6.9
Fighting       | 4 5 6 7 8 |  8.3
Throwing       | 1 2 3 4 5 6 |  6.7
Evocations     | 2 3 4 6 |  6.5
Invocations    | 1 3 5 7 |  7.9
Shields        | |  2.6

Action                     |  1- 3 |  4- 6 |  7- 9 | 10-12 || total
---------------------------+-------+-------+-------+-------++-------
  Melee: War axe           |    81 |   131 |   121 |       ||   333
         Unarmed           |       |     9 |       |     4 ||    13
         Hand axe          |       |       |   317 |   727 ||  1044
         Scimitar          |       |       |       |     9 ||     9
  Throw: Dart              |       |    10 |     1 |    15 ||    26
         Javelin           |       |       |       |     1 ||     1
 Invoke: Heroism           |       |       |     1 |    11 ||    12
  Evoke: Wand              |       |       |     4 |     1 ||     5
    Use: Scroll            |       |       |     5 |     6 ||    11
         Potion            |       |       |     1 |     2 ||     3
 Armour: Scale mail        |    44 |    74 |     3 |       ||   121
         Skin              |       |     4 |       |       ||     4
         Chain mail        |       |       |   197 |   219 ||   416
         Plate armour      |       |       |       |    85 ||    85
  Dodge: Dodged            |    33 |   120 |   128 |   174 ||   455
  Block: Buckler           |    14 |    36 |    69 |   107 ||   226

Table legend: (Time is in decaauts)
 A = Elapsed time spent in this place.
 B = Non-inter-level travel time spent in this place.
 C = Inter-level travel time spent in this place.
 D = Time resting spent in this place.
 E = Time spent auto-exploring this place.
 F = Levels seen in this place.
 G = Mean time per level.
                   A        B        C        D        E       F      G
               +--------+--------+--------+--------+--------+-----+--------+
         Total |   9669 |   9025 |    644 |    200 |   6381 |  14 |  690.6 |
       Dungeon |   8708 |   8188 |    520 |    200 |   5786 |  11 |  791.6 |
          Lair |    790 |    667 |    123 |      0 |    494 |   2 |  395.0 |
       Ossuary |    170 |    170 |      0 |      0 |    101 |   1 |  170.0 |
               +--------+--------+--------+--------+--------+-----+--------+

Top non-repeatable levels by time:
    D:10: 1110 daAuts
    D:11: 1101 daAuts
     D:9: 975 daAuts
     D:4: 868 daAuts
     D:7: 830 daAuts
     D:5: 821 daAuts
     D:1: 714 daAuts
     D:3: 713 daAuts
  Lair:1: 687 daAuts
     D:6: 598 daAuts
     D:8: 579 daAuts
     D:2: 395 daAuts
 Ossuary: 170 daAuts
  Lair:2: 102 daAuts
